 Dungeon Crawl Stone Soup version 0.19.1-1-g22dce08 (webtiles) character file.

9 godfroggy the Magician (level 2, -1/20 HPs)
             Began as a Draconian Wizard on Jan 8, 2017.
             Slain by a hobgoblin
             ... wielding a +0 club
              (3 damage)
             ... on level 1 of the Dungeon on Jan 9, 2017.
             The game lasted 00:03:32 (490 turns).

godfroggy the Magician (Draconian Wizard)            Turns: 490, Time: 00:03:33

Health: -1/20      AC:  4    Str:  9    XL:     2   Next: 3%
Magic:  6/6        EV: 12    Int: 18    God:
Gold:   37         SH:  0    Dex:  9    Spells: 1 memorised, 6 levels left

rFire  . . .     SeeInvis .     h - +0 hunting sling
rCold  . . .     Gourm    .     (armour unavailable)
rNeg   . . .     Faith    .     (no shield)
rPois  .         Spirit   .     a - +0 hat
rElec  .         Reflect  .     (no cloak)
rCorr  .         Harm     .     (no gloves)
MR     .....                    (no boots)
Stlth  ++........               (no amulet)
                                (no ring)
                                d - +3 ring of slaying

@: no status effects
A: unfitting armour, cold-blooded, AC +4
a: no special abilities


You were on level 1 of the Dungeon.
You were not hungry.

You visited 1 branch of the dungeon, and saw 1 of its levels.

You collected 37 gold pieces.

Inventory:

Hand Weapons
 h - a +0 hunting sling (weapon)
Armour
 a - a +0 hat (worn)
Jewellery
 d - a +3 ring of slaying (left hand)
Scrolls
 e - a scroll of remove curse {unknown}
 g - a scroll of teleportation {unknown}
 j - a scroll of magic mapping {unknown}
Potions
 i - a potion of brilliance {unknown}
Books
 b - a book of Minor Magic

   Spells                             Type                      Level
   a - Magic Dart                     Conjuration                  1
   b - Blink                          Translocation                2
   c - Call Imp                       Summoning                    2
   d - Repel Missiles                 Charms/Air                   2
   e - Slow                           Hexes                        2
   f - Conjure Flame                  Conjuration/Fire             3
   g - Mephitic Cloud                 Conjuration/Poison/Air       3
Comestibles
 c - a bread ration
 f - 3 fruits


   Skills:
 - Level 1.9 Dodging
 - Level 1.8 Stealth
 - Level 3.0 Spellcasting
 + Level 1.8 Conjurations
   Level 1.0 Summonings
   Level 1.0 Translocations


You had 6 spell levels left.
You knew the following spells:

 Your Spells              Type           Power        Failure   Level  Hunger
a - Magic Dart            Conj           #...         10%         1    None


Dungeon Overview and Level Annotations

Branches:
Dungeon (1/15)

Altars:


Innate Abilities, Weirdness & Mutations

Your plain brown scales are hard. (AC +4)
You cannot fit into any form of body armour.
You are cold-blooded and may be slowed by cold attacks.


Message History

The bat closely misses you. The bat barely misses you.
The hobgoblin closely misses you. The bat hits you but does no damage.
The hobgoblin barely misses you. The bat completely misses you.
The hobgoblin hits you with a club.
* * * LOW HITPOINT WARNING * * *
The bat hits you but does no damage. The hobgoblin hits you with a club.
* * * LOW HITPOINT WARNING * * *
The bat barely misses you. The bat hits you but does no damage.
The hobgoblin closely misses you. The bat barely misses you.
The hobgoblin barely misses you. The bat barely misses you.
The hobgoblin hits you but does no damage.
The bat barely misses you. The hobgoblin hits you with a club.
* * * LOW HITPOINT WARNING * * *
The bat hits you but does no damage. The hobgoblin barely misses you.
The bat completely misses you.
The hobgoblin hits you but does no damage.
The bat hits you but does no damage. The hobgoblin barely misses you.
The bat hits you but does no damage. The hobgoblin hits you with a club.
You die...

#.# #.# .# #.... #.###.#### #.#
#.# .# #...######.##...... #.#
#.# #..........##..#### #.# #.# #
.....#.#########..#### #.###.##.#
### ##'## #.....# #..>.....#
##...## #.###.# #####.####
##.....## #.# #.# #.#.##
##..b....## ##.###.#
#####....####...@.....####.......
............+....g....+.........#
#####....####[........####....†.#
#.#.## ##.......## #.......
##.### ##.....## #....... #...#
##...## #....... ##.## ####+####
####...# #.# #(......# #...# #.#
#.##.##.# #...#


You could see a hobgoblin and a bat.

Vanquished Creatures
  A leopard gecko (D:1)
  3 goblins (D:1)
  A ball python (D:1)
  A bat (D:1)
  A kobold (D:1)
  A rat (D:1)
8 creatures vanquished.

Notes
Turn   | Place    | Note
-------+----------+-------------------------------------------
     0 | D:1      | godfroggy the Draconian Wizard began the quest for the Orb.
     0 | D:1      | Reached XP level 1. HP: 14/14 MP: 4/4
   406 | D:1      | Reached XP level 2. HP: 20/20 MP: 3/6
   490 | D:1      | Slain by a hobgoblin

Action                   || total
-------------------------++-------
Melee: Hunting sling     ||     1
 Cast: Magic Dart        ||    14
Armor: Skin              ||    18
Dodge: Dodged            ||    53
